 Dungeon Crawl Stone Soup version 0.27-a0-1273-gec92ba881d (webtiles) character file.

Game seed: 9236061754253436231

382 robertstho the Magician (level 7, -2/49 HPs)
             Began as a Djinni Fire Elementalist on June 11, 2021.
             Was an Initiate of Gozag.
             Killed by divine providence
             ... invoked by an orc priest
              (11 damage)
             ... on level 4 of the Dungeon.
             The game lasted 00:04:39 (4699 turns).

robertstho the Magician (Djinni Fire Elementalist)  Turns: 4699, Time: 00:04:40

Health: -2/49      AC:  4    Str:  7    XL:     7   Next: 5%
Gold:   89         EV: 12    Int: 19    God:    Gozag SH:  0 Dex: 13

rFire    + + .     SeeInvis .   b - +0 dagger
rCold    x . .     Faith    .   (no shield)
rNeg     . . .     Spirit   .   j - +1 robe {Will+}
rPois    ∞         Reflect  .   g - +0 helmet
rElec    .         Harm     .   (no cloak)
rCorr    .         Rampage  .   (no gloves)
Will     +....                  (boots unavailable)
Stlth    ++........             (no amulet)
HPRegen  0.16/turn              (no ring)
MPRegen  0.00/turn              (no ring)

@: gold aura, flying
A: sickness immunity, fire resistance 2, cold vulnerability 1, float, innate
caster, hp casting, extra vitality 1
a: Renounce Religion, Potion Petition, Call Merchant, Bribe Branch


You were on level 4 of the Dungeon.
You worshipped Gozag.
Gozag was noncommittal.
You visited 1 branch of the dungeon, and saw 4 of its levels.

You collected 124 gold pieces.
You paid 35 gold pieces to Gozag.

Inventory:

Hand Weapons
 b - a +0 dagger (weapon)
Armour
 g - a +0 helmet (worn)
 j - a +1 robe of willpower (worn)
Wands
 n - a wand of flame (14)
Scrolls
 c - 4 scrolls of teleportation {unknown}
 d - 4 scrolls of identify {unknown}
 h - a scroll of torment {unknown}
 i - a scroll of noise {unknown}
 k - 2 scrolls of silence {unknown}
 l - a scroll of amnesia {unknown}
Potions
 a - a potion of curing {unknown}
 e - a potion of ambrosia {unknown}
 f - a potion of brilliance {unknown}
 m - a potion of berserk rage {unknown}


   Skills:
 * Level 2.7 Fighting
 + Level 2.6 Dodging
 + Level 2.5 Stealth
 + Level 4.7 Spellcasting


You couldn't memorise any spells.
You knew the following spells:

 Your Spells              Type           Power      Damage    Failure   Level
a - Foxfire               Conj/Fire      88%        2x1d8     1%          1
b - Conjure Flame         Conj/Fire      22%        6-21      5%          3
c - Inner Flame           Hex/Fire       22%        N/A       5%          3
d - Sticky Flame          Conj/Fire      22%        2d4       19%         4
e - Fireball              Conj/Fire      11%        3d7       45%         5
f - Shock                 Conj/Air       88%        1d8       1%          1
g - Call Imp              Summ           22%        N/A       2%          2
h - Mephitic Cloud        Conj/Pois/Air  22%        N/A       5%          3
Your spell library was empty.

Dungeon Overview and Level Annotations

Branches:
Dungeon (4/15)
 Temple: D:4-7

Altars:
Gozag

Shops:
D:4 *


Innate Abilities, Weirdness & Mutations

You are immune to sickness and miasma.
You are immune to poison.
Your flesh is very heat resistant. (rF++)
You are vulnerable to cold. (rC-)
You float through the air rather than walking.
You learn spells naturally, not from books.
Your magical power is your life essence.
You have superior vitality. (+4 HP)


Message History

The orc is almost dead.
The foxfire hits the orc.
You kill the orc!
Things that are here:
9 gold pieces; a +0 hand axe; a +0 leather armour
Casting: Foxfire (safe; 1% risk of failure)
Press: ? - help, Q - select action, (/) - cycle Dir - look around, f - activate You conjure some foxfire!
An orc priest comes into view. It is wielding a +0 short sword.
The orc priest miscasts a cantrip.
The foxfire hits the orc priest.
You kill the orc priest!
Your magical contamination has completely faded away.
You have reached level 7!
The power to cast Mephitic Cloud wells up from within.
Spell assigned to 'h'.
Casting: Foxfire (safe; 1% risk of failure)
Press: ? - help, Q - select action, (/) - cycle Dir - look around, f - activate You conjure some foxfire!
The foxfire hits the orc priest!
The orc priest is heavily wounded.
The orc priest mumbles some strange prayers to Beogh against you.
Beogh smites you!
* * * LOW HITPOINT WARNING * * *
Casting: Foxfire (safe; 1% risk of failure)
Press: ? - help, Q - select action, (/) - cycle Dir - look around, f - activate You conjure some foxfire!
* * * LOW HITPOINT WARNING * * *
The foxfire hits the orc priest.
The orc priest is almost dead.
Casting: Foxfire (safe; 1% risk of failure)
Press: ? - help, Q - select action, (/) - cycle Dir - look around, f - activate You conjure some foxfire!
* * * LOW HITPOINT WARNING * * *
The foxfire hits the orc priest but does no damage.
The orc priest is almost dead.
The orc priest invokes the aid of Beogh against you.
Beogh smites you!
You die...
Your body crumbles into a pile of gold.

≈≈.≈≈...#### #
........# .#
...###..# #.# #
..## #..#######.#
##$
.#####......#..#
#..
..........#.#§#.#.#
##..###..#..#§##.#
#. ....###o§§§vv#
#...###.#....§v@#
#.. #.###.##v# $..
#) #.##.# # #
#.##?# #.##.#
#.##$# #.....
###..#


You could see an orc priest (ally target).

Vanquished Creatures
  An ogre (D:4)
  A scorpion (D:4)
  A hound (D:4)
  2 orc priests (D:4)
  Jessica (D:3)
  An adder (D:3)
  A gnoll (D:2)
  A worm (D:2)
  5 dart slugs
  8 orcs
  8 endoplasms
  4 giant cockroaches
  6 goblins (D:1)
  7 hobgoblins
  7 jackals
  7 kobolds
  2 quokkas (D:1)
  9 ball pythons
  5 bats
  4 frilled lizards
  4 rats
85 creatures vanquished.

Vanquished Creatures (others)
  448 foxfires
448 creatures vanquished.

Grand Total: 533 creatures vanquished

Notes
Turn   | Place    | Note
-------+----------+-------------------------------------------
     0 | D:1      | robertstho the Djinni Fire Elementalist began the quest for
                  | the Orb.
     0 | D:1      | Reached XP level 1. HP: 15/15 MP: 0/0
   420 | D:1      | Reached XP level 2. HP: 20/21 MP: 0/0
   841 | D:1      | Reached XP level 3. HP: 22/26 MP: 0/0
   841 | D:1      | Learned a level 1 spell: Shock
   849 | D:1      | Reached skill level 3 in Spellcasting
  1556 | D:1      | Reached skill level 1 in Fighting
  2215 | D:2      | Reached XP level 4. HP: 25/32 MP: 0/0
  2575 | D:2      | Found a faded altar of an unknown god.
  3412 | D:3      | Reached XP level 5. HP: 25/37 MP: 0/0
  3412 | D:3      | Learned a level 2 spell: Call Imp
  3648 | D:3      | Noticed Jessica
  3652 | D:3      | Killed Jessica
  4476 | D:4      | Found an opulent altar of Gozag.
  4476 | D:4      | Found Gozag's Platinum Reserve.
  4486 | D:4      | Became a worshipper of Gozag Ym Sagoz the Greedy
  4514 | D:4      | Noticed an ogre
  4518 | D:4      | Killed an ogre
  4519 | D:4      | Reached skill level 4 in Spellcasting
  4519 | D:4      | Reached XP level 6. HP: 39/43 MP: 0/0
  4697 | D:4      | Reached XP level 7. HP: 20/49 MP: 0/0
  4697 | D:4      | Learned a level 3 spell: Mephitic Cloud
  4699 | D:4      | Killed from afar by an orc priest

Illustrated notes

Levels and vault maps discovered:
D:1:      sevenhm_arrival_forest_fort_small_5, layout_loops_ring
D:2:      layout_rooms, ebering_ecumenical_altar_rust, nrook_loot_triangle,
          st_stairs_12
D:3:      layout_basic, minmay_misc_feat_rugged, minmay_misc_feat_hallway,
          grunt_ministairs_15, uniq_jessica
D:4:      layout_loops_ring, nicolae_gozag_zags_fifth_avenue, minmay_surrounded

Skill      XL: |  1  2  3  4  5 |
---------------+----------------+-----
Spellcasting   | 3 4 |  4.7
Fighting       | 1 2 |  2.7
Stealth        | 2 |  2.5
Dodging        | |  2.6

Action                   |  1- 3 |  4- 6 |  7- 9 || total
-------------------------+-------+-------+-------++-------
Melee: Dagger            |    12 |     3 |       ||    15
 Cast: Foxfire           |    99 |   177 |     3 ||   279
Armor: Robe              |     8 |     4 |       ||    12
Dodge: Dodged            |    24 |    10 |       ||    34

Table legend: (Time is in decaauts)
 A = Elapsed time spent in this place.
 B = Non-inter-level travel time spent in this place.
 C = Inter-level travel time spent in this place.
 D = Time resting spent in this place.
 E = Time spent auto-exploring this place.
 F = Levels seen in this place.
 G = Mean time per level.
                   A        B        C        D        E       F      G
               +--------+--------+--------+--------+--------+-----+--------+
         Total |   4697 |   4631 |     66 |      0 |   4052 |   4 | 1174.2 |
       Dungeon |   4697 |   4631 |     66 |      0 |   4052 |   4 | 1174.2 |
               +--------+--------+--------+--------+--------+-----+--------+

Top non-repeatable levels by time:
     D:1: 2205 daAuts
     D:3: 1282 daAuts
     D:2: 986 daAuts
     D:4: 222 daAuts
